 Dungeon Crawl Stone Soup version 0.23-a0-448-g1c01f63 (webtiles) character file.

135736 Dfrag the Devastator (level 16, -4/120 HPs)
             Began as a Demonspawn Fire Elementalist on Nov 19, 2018.
             Was the Champion of Makhleb.
             Killed from afar by a shock serpent (24 damage)
             ... with a bolt of electricity
             ... on level 2 of the Snake Pit.
             The game lasted 01:21:04 (32652 turns).

Dfrag the Devastator (DsFE)                        Turns: 32652, Time: 01:21:05

Health: -4/120     AC: 10    Str: 10    XL:     16   Next: 65%
Magic:  10/44      EV:  8    Int: 39    God:    Makhleb [******]
Gold:   1131       SH:  5    Dex: 17    Spells: 13/46 levels left

rFire    + + .     SeeInvis +   L - +10 mace "Conservator" {flame, +Rage Int+8 SInv}
rCold    + . .     Gourm    .   M - +1 buckler {rN+}
rNeg     + . .     Faith    .   E - +2 animal skin {rC+}
rPois    .         Spirit   .   (helmet unavailable)
rElec    .         Reflect  .   A - +1 cloak
rCorr    .         Harm     .   a - +2 pair of gloves
MR       +....                  Q - +0 pair of boots
Stlth    +++.......             W - amulet of the acrobat
HPRegen  6.30/turn              I - ring of magical power
MPRegen  0.29/turn              e - +6 ring of intelligence

@: lethally poisoned (-4 -> -4), constricted
A: antennae 3, thin skeletal structure 2, blurry vision 1, clever 1, fire
resistance 2, foul stench 2, powered by death 2, rot immunity
a: Minor Destruction, Lesser Servant of Makhleb, Major Destruction, Greater
Servant of Makhleb, Renounce Religion, Evoke Berserk Rage


You were on level 2 of the Snake Pit.
You worshipped Makhleb.
Makhleb was exalted by your worship.
You were not hungry.

You visited 5 branches of the dungeon, and saw 27 of its levels.
You also visited: Labyrinth, Bailey and Ice Cave.

You collected 3604 gold pieces.
You spent 2473 gold pieces at shops.

Inventory:

Hand Weapons
 L - the +10 mace "Conservator" (weapon) {flame, +Rage Int+8 SInv}
   (You took it off a tengu conjurer on level 10 of the Dungeon)

   It has been specially enchanted to burn those struck by it, causing extra
   injury to most foes and up to half again as much damage against particularly
   susceptible opponents.
   It affects your intelligence (+8).
   It lets you see invisible.
   It lets you go berserk.
Armour
 a - a +2 pair of gloves (worn)
 g - the +2 hat of Free Will {rN+ Str+3}
   (You acquired it on level 11 of the Dungeon)

   It affects your strength (+3).
   It protects you from negative energy.
 l - the +2 leather armour of Purpose {MR- rCorr Dex+6, unknown}
   (You found it on level 1 of the Snake Pit)

   It affects your dexterity (+6).
   It affects your resistance to hostile enchantments.
   It provides partial protection from all sources of acid and corrosion.
 q - a +0 troll leather armour
 r - the cursed +0 pair of gloves "Foipsoi" {Regen+ Str+2, unknown}
   (You bought it in a shop on level 2 of the Snake Pit)

   It affects your strength (+2).
   It increases your rate of regeneration.
   It has a curse placed upon it.
 A - a +1 cloak (worn)
 E - a +2 animal skin of cold resistance (worn)
 M - a +1 buckler of positive energy (worn)
 Q - a +0 pair of boots (worn)
 T - a +1 large shield of protection
Jewellery
 e - a +6 ring of intelligence (right hand)
 I - a ring of magical power (left hand)
 O - an uncursed amulet of the gourmand
 P - an uncursed ring of protection from fire
 W - an amulet of the acrobat (around neck)
 X - an uncursed ring of protection from cold
Wands
 f - a wand of iceblast (17)
 p - a wand of scattershot (1)
 D - a wand of polymorph (32)
 J - a wand of disintegration (50)
 U - a wand of paralysis (7)
 Z - a wand of acid (11)
Scrolls
 h - a scroll of blinking
 j - 6 scrolls of fear
 m - 7 scrolls of immolation
 n - 8 scrolls of enchant armour
 o - 17 scrolls of remove curse
 t - 8 scrolls of fog
 y - 6 scrolls of enchant weapon
 z - 6 scrolls of teleportation
 C - 5 scrolls of magic mapping
 H - 4 scrolls of amnesia
 S - 2 scrolls of holy word
 Y - 2 scrolls of vulnerability {unknown}
Potions
 b - a potion of resistance
 d - 5 potions of brilliance
 i - 4 potions of flight
 k - 4 potions of invisibility
 s - 2 potions of agility
 u - a potion of lignification
 w - a potion of cancellation {unknown}
 x - 2 potions of ambrosia {unknown}
 B - a potion of mutation
 F - 3 potions of haste {unknown}
 K - 3 potions of curing
 N - 5 potions of might
 R - 2 potions of magic
Miscellaneous
 G - a crystal ball of energy
Comestibles
 c - 49 rations


   Skills:
 - Level 9.0 Fighting
 - Level 1.7 Dodging
 - Level 1.7 Stealth
 + Level 15.5 Spellcasting
 + Level 15.6 Conjurations
 + Level 14.3 Fire Magic
 - Level 5.7 Ice Magic
 - Level 3.3 Air Magic
 - Level 1.4 Invocations


You had 13 spell levels left.
You knew the following spells:

 Your Spells              Type           Power        Failure   Level  Hunger
a - Flame Tongue          Conj/Fire      #####        0%          1    None
b - Conjure Flame         Conj/Fire      #######.     0%          3    None
c - Sticky Flame          Conj/Fire      #######.     1%          4    None
d - Fireball              Conj/Fire      #######...   1%          5    None
e - Ignition              Fire           #######...   32%         8    #####..
f - Freezing Cloud        Conj/Ice/Air   #######...   10%         6    None
g - Bolt of Cold          Conj/Ice       #######...   3%          6    None

Your spell library contained the following spells:

 Spells                   Type           Power        Failure   Level  Hunger
 Throw Flame              Conj/Fire      ######       0%          2    None
 Animate Skeleton         Necr           N/A          1%          1    None
 Apportation              Tloc           ####..       1%          1    None
 Beastly Appendage        Tmut           ####..       1%          1    None
 Confusing Touch          Hex            ####..       1%          1    None
 Corona                   Hex            ####...      1%          1    None
 Summon Butterflies       Summ           ####....     1%          1    None
 Summon Small Mammal      Summ           ####         1%          1    None
 Ensorcelled Hibernation  Hex/Ice        ######       1%          2    None
 Poisonous Vapours        Pois/Air       #####.       1%          2    None
 Dazzling Spray           Conj/Hex       ######       1%          3    None
 Inner Flame              Hex/Fire       ######..     1%          3    None
 Mephitic Cloud           Conj/Pois/Air  ######..     1%          3    None
 Static Discharge         Conj/Air       #######.     1%          3    None
 Lightning Bolt           Conj/Air       #######...   1%          5    None
 Slow                     Hex            ####....     2%          2    None
 Sticks to Snakes         Tmut           ####....     2%          2    None
 Call Canine Familiar     Summ           ####....     5%          3    None
 Confuse                  Hex            ####....     5%          3    None
 Gell's Gravitas          Tloc           ####......   5%          3    None
 Portal Projectile        Hex/Tloc       ####..       5%          3    None
 Spider Form              Tmut/Pois      ####......   5%          3    None
 Tukima's Dance           Hex            ####....     5%          3    None
 Ice Form                 Ice/Tmut       ######..     5%          4    None
 Summon Ice Beast         Ice/Summ       ######..     5%          4    None
 Metabolic Englaciation   Hex/Ice        ######....   16%         5    None
 Cause Fear               Hex            ####......   19%         4    None
 Leda's Liquefaction      Hex/Erth       ####......   19%         4    None
 Petrify                  Tmut/Erth      ####....     19%         4    None
 Ozocubu's Refrigeration  Ice            ######....   26%         6    None
 Blade Hands              Tmut           ####......   45%         5    None
 Summon Mana Viper        Hex/Summ       ####....     45%         5    None
 Yara's Violent Unravell  Hex/Tmut       ####......   45%         5    None
 Ring of Flames           Chrm/Fire      ######....   63%         7    ###....
 Simulacrum               Ice/Necr       ######....   65%         6    None
 Summon Hydra             Summ           ####......   100%        7    ###....
 Shatter                  Erth           ####......   100%        9    ######.
 Tornado                  Air            ######....   100%        9    ######.


Dungeon Overview and Level Annotations

Branches:
Dungeon (15/15)            Temple (1/1) D:4            Lair (6/6) D:9
  Swamp (0/4) Lair:4        Snake (3/4) Lair:3        Slime (0/5) Lair:6
    Orc (2/2) D:9             Elf (0/3) Orc:2        Vaults (0/5) D:14
 Depths (0/5) D:15

Altars:
Ashenzari
Cheibriados
Dithmenos
Elyvilon
Fedhas
Hepliaklqana
Kikubaaqudgha
Makhleb
Nemelex Xobeh
Okawaru
Qazlal
Ru
Sif Muna
Uskayaw
Vehumet
Wu Jian
Xom
Yredelemnul
Zin
The Shining One
Jiyva

Shops:
D:8 [   D:11 (   D:14 (   Orc:2 *!:=   Snake:2 (:*[

Portals:
Hell: Lair:6

Annotations:
Snake:1 3 runed doors, Psyclone's ghost, adept DsCj


Innate Abilities, Weirdness & Mutations

You have a pair of large antennae on your head. (SInv)
You have a moderately thin skeletal structure. (Dex +4, Stealth+)
Your flesh is very heat resistant. (rF++)
You frequently emit foul miasma when damaged in melee.
You regenerate health from kills.
You are immune to rotting.
Scrolls take you a little longer to read.
Your mind is acute. (Int +2)


Message History

The air bursts into flame!
The fireball engulfs the nagaraja.
The nagaraja is heavily wounded.
The fireball engulfs the anaconda.
The anaconda is moderately wounded.
The fireball engulfs the shock serpent.
The shock serpent is almost dead.
The fireball engulfs the anaconda.
The anaconda is heavily wounded.
The fireball engulfs the nagaraja.
The nagaraja is heavily wounded.
The shock serpent's electric aura discharges, shocking you!
* * * LOW HITPOINT WARNING * * *
You feel very sick. The nagaraja misses you. The nagaraja barely misses you.
The anaconda grabs you. The anaconda bites you.
* * * LOW HITPOINT WARNING * * *
x2 The anaconda constricts you.
The shock serpent shoots out a bolt of lightning at you!
The bolt of electricity hits you!
You die...

......................###.#.#..#.
.................##...# #......##
.................#....###....>##.
................##.......#...#...
................###.........#....
##.....###......#.....#####.##..#
###.....##.#........#######..#.##
.#####..##..##..NS..#....##..#.##
#..####..##..###@....[....#.##.##
##..####..###..##S..........##.##
##..####...##..##..........##.##
##...#####..##.##...........##.
##.....####.#..#..........##..
####....#...............##...
##...................#....
#..........#####....#....
##..........######.....#.∩


You could see a nagaraja, an anaconda and a shock serpent.

Vanquished Creatures
  Vashnia (Snake:2)
  Kirke (Lair:6)
  A frost giant (IceCv)
  An orc warlord (Orc:1)
  A stone giant (Orc:1)
  A dire elephant (Lair:6)
  Azrael (D:12)
  A minotaur (Lab)
  An ettin (D:15)
  Snorg (Lair:6)
  A rakshasa (Lair:6)
  An ice dragon (Lair:4)
  9 hydras
  2 naga warriors
  An ogre mage (D:15)
  2 centaur warriors
  20 two-headed ogres
  2 death yaks (IceCv)
  2 anacondas
  3 tengu warriors
  5 naga sharpshooters
  An orc high priest (Orc:2)
  A deep elf knight (D:15)
  A hell knight (D:15)
  3 shock serpents
  Sonja (Lair:6)
  A sun demon (Lair:6)
  3 skeletal warriors (D:12)
  A salamander mystic (Snake:2)
  A shadow wraith (D:10)
  4 unseen horrors
  A naga ritualist (Snake:3)
  4 wizards
  4 orc knights
  Pikel (D:4)
  2 mana vipers (Snake:3)
  3 oklob plants (Lair:1)
  An ugly thing (D:11)
  2 deep elf magi (D:15)
  9 orc sorcerers
  3 cyclopes
  4 salamanders (Snake:3)
  2 manticores
  6 naga magi
  6 elephants (Lair:6)
  An ice statue (IceCv)
  Maurice (D:8)
  2 guardian serpents
  20 black mambas
  Joseph (D:10)
  2 orange demons (Lair:6)
  4 gargoyles (Lab)
  5 spiny frogs
  2 rime drakes
  3 centaur skeletons
  3 efreet
  10 komodo dragons
  2 freezing wraiths (D:14)
  4 ice devils (Lair:6)
  2 tengu conjurers (D:10)
  A hellwing (Lair:6)
  A queen bee (Lair:3)
  A meliai (D:15)
  2 red devils (Lair:6)
  8 trolls
  Grinder (D:6)
  17 polar bears
  Prince Ribbit (D:6)
  10 blink frogs
  6 slime creatures
  10 hippogriffs
  A hippogriff (shapeshifter) (D:14)
  A centaur simulacrum (D:14)
  2 wraiths
  3 wyverns
  59 yaks
  A yak (shapeshifter) (D:14)
  Eustachio (D:5)
  3 fire elementals (D:12)
  5 basilisks
  A hungry ghost (D:10)
  4 vampire mosquitoes (D:15)
  4 wargs
  An acid dragon (D:10)
  10 nagas
  4 soldier ants
  15 water moccasins
  6 hell hounds
  7 porcupines
  6 sky beasts
  9 ice beasts
  28 orc warriors
  3 slaves (D:4)
  11 ogres
  41 wolves
  9 centaurs
  10 crocodiles
  22 bullfrogs
  7 big kobolds
  3 gnoll sergeants
  2 wyvern zombies (D:12)
  A wyvern skeleton (D:10)
  7 scorpions
  38 killer bees
  9 wights
  2 howler monkeys
  2 electric eels (Lair:3)
  6 crimson imps
  3 centaur zombies
  A quasit (D:14)
  12 hounds
  7 jellies
  46 orc wizards
  2 gnoll shamans
  23 orc priests
  4 bullfrog skeletons
  5 iguanas
  Ijyb (D:4)
  11 worker ants
  A hound zombie (D:8)
  A hound skeleton (D:5)
  A worker ant zombie (D:7)
  21 gnolls
  2 howler monkey skeletons (D:8)
  20 adders
  6 shadow imps
  7 white imps
  2 ufetubi (D:14)
  7 oozes
  A worm (D:2)
  A dart slug (D:1)
  9 leopard geckos
  87 orcs
  4 bats
  2 giant cockroaches
  4 goblins
  21 hobgoblins
  8 jackals
  6 quokkas
  A ball python (D:1)
  4 frilled lizards
  47 kobolds
  A leopard gecko skeleton (D:5)
  A quokka zombie (D:5)
  9 rats
  A fungus (Lair:6)
977 creatures vanquished.

Vanquished Creatures (others)
  A rime drake (Lair:6)
  3 humans (Lair:6)
  A water moccasin (Lair:6)
  3 fungi
  8 plants
16 creatures vanquished.

Grand Total: 993 creatures vanquished

Notes
Turn   | Place    | Note
-------+----------+-------------------------------------------
     0 | D:1      | Dfrag the Demonspawn Fire Elementalist began the quest for
                  | the Orb.
     0 | D:1      | Reached XP level 1. HP: 13/13 MP: 3/3
   406 | D:1      | Gained mutation: You are immune to rotting. [demonic
                  | ancestry]
   406 | D:1      | Reached XP level 2. HP: 19/19 MP: 1/5
   992 | D:1      | Reached XP level 3. HP: 24/24 MP: 1/6
  1055 | D:1      | Learned a level 3 spell: Conjure Flame
  1442 | D:2      | Gained mutation: You have a somewhat thin skeletal
                  | structure. (Dex +2, Stealth) [demonic ancestry]
  1442 | D:2      | Reached XP level 4. HP: 25/30 MP: 0/8
  1924 | D:3      | Learned a level 4 spell: Sticky Flame
  2141 | D:3      | Noticed an air elemental
  2147 | D:3      | Noticed a water elemental
  2163 | D:3      | Found a stormy altar of Qazlal.
  2165 | D:3      | Noticed an earth elemental
  2166 | D:3      | Noticed a fire elemental
  2196 | D:3      | Reached XP level 5. HP: 35/35 MP: 3/9
  2547 | D:4      | Noticed Ijyb
  2556 | D:4      | Killed Ijyb
  2641 | D:4      | Found a staircase to the Ecumenical Temple.
  2650 | Temple   | Entered the Ecumenical Temple
  2742 | Temple   | Became a worshipper of Makhleb the Destroyer
  2756 | D:4      | Noticed a slave
  2761 | D:4      | Noticed Pikel
  2772 | D:4      | Gained mutation: You have a moderately thin skeletal
                  | structure. (Dex +4, Stealth+) [demonic ancestry]
  2772 | D:4      | Reached XP level 6. HP: 12/41 MP: 6/11
  2934 | D:4      | Noticed a slave
  2936 | D:4      | Noticed a slave
  2950 | D:4      | Killed a slave
  2955 | D:4      | Killed a slave
  2961 | D:4      | Killed a slave
  3203 | D:4      | Noticed a slave
  3218 | D:4      | Killed Pikel
  3218 | D:4      | Reached skill level 5 in Fire Magic
  3218 | D:4      | Reached XP level 7. HP: 6/46 MP: 0/14
  3425 | D:4      | Reached skill level 5 in Conjurations
  3571 | D:5      | Entered Level 5 of the Dungeon
  3585 | D:5      | Reached skill level 5 in Spellcasting
  3654 | D:5      | Noticed Eustachio
  3662 | D:5      | Killed Eustachio
  3662 | D:5      | Gained mutation: You have a pair of small antennae on your
                  | head. [demonic ancestry]
  3662 | D:5      | Reached XP level 8. HP: 30/52 MP: 4/15
  4110 | D:5      | Reached * piety under Makhleb
  4525 | D:6      | HP: 2/52 [centaur zombie (4)]
  4774 | D:6      | Gained mutation: You regenerate a little health from kills.
                  | [demonic ancestry]
  4774 | D:6      | Reached XP level 9. HP: 53/57 MP: 11/18
  4818 | D:6      | Noticed Grinder
  4923 | D:6      | Paralysed by Grinder for 3 turns
  4928 | D:6      | Killed Grinder
  5020 | D:6      | Noticed Prince Ribbit
  5030 | D:6      | Killed Prince Ribbit
  5746 | D:7      | Reached ** piety under Makhleb
  5863 | D:7      | Found a white marble altar of Elyvilon.
  5863 | D:7      | Found a hazy altar of Hepliaklqana.
  5915 | D:7      | Learned a level 5 spell: Fireball
  6011 | D:7      | Found a burning altar of Makhleb.
  6013 | D:7      | Found a bloodstained altar of Trog.
  6013 | D:7      | Found a blossoming altar of Fedhas.
  6015 | D:7      | Found a hide-covered altar of Uskayaw.
  6015 | D:7      | Found a shimmering altar of Xom.
  6015 | D:7      | Found an iron altar of Okawaru.
  6254 | D:8      | Found a flagged portal.
  6261 | D:8      | Reached XP level 10. HP: 63/63 MP: 13/21
  6268 | Bailey   | Entered a bailey
  6340 | Bailey   | Noticed an orc knight
  6702 | Bailey   | Killed an orc knight
  6771 | Bailey   | Reached *** piety under Makhleb
  6793 | Bailey   | Got a pair of spiked gloves
  6799 | Bailey   | Identified the +2 pair of gloves "Koichec" {-Cast *Contam
                  | rPois Regen+} (You found it in a bailey)
  6847 | Bailey   | Gained mutation: You have sharp fingernails. [mutagenic
                  | glow]
  7147 | D:8      | Found a blossoming altar of Fedhas.
  7215 | D:8      | Noticed Maurice
  7221 | D:8      | Killed Maurice
  7314 | D:8      | Found Suxt's Antique Armour Emporium.
  7347 | D:8      | Noticed a two-headed ogre
  7351 | D:8      | Killed a two-headed ogre
  7499 | D:8      | Reached **** piety under Makhleb
  7528 | D:8      | Found a sacrificial altar of Ru.
  7788 | D:9      | Found a staircase to the Orcish Mines.
  7838 | D:9      | Noticed a two-headed ogre
  7850 | D:9      | Killed a two-headed ogre
  7857 | D:9      | Noticed a two-headed ogre
  7970 | D:9      | Gained mutation: You regenerate health from kills. [demonic
                  | ancestry]
  7970 | D:9      | Reached XP level 11. HP: 68/68 MP: 12/24
  8062 | D:9      | Reached skill level 10 in Conjurations
  8222 | D:9      | Killed a two-headed ogre
  8272 | D:9      | Reached ***** piety under Makhleb
  8334 | D:9      | Found a staircase to the Lair.
  8385 | D:9      | Found a snail-covered altar of Cheibriados.
  8838 | D:10     | Entered Level 10 of the Dungeon
  8880 | D:10     | Reached skill level 10 in Fire Magic
  8887 | D:10     | Noticed Joseph
  8892 | D:10     | Killed Joseph
  9081 | D:10     | Killed a shadow wraith
  9081 | D:10     | Reached skill level 10 in Spellcasting
  9086 | D:10     | Identified the +10 mace "Conservator" {flame, +Rage Int+8
                  | SInv}
 10441 | D:11     | Noticed an eight-headed hydra
 10442 | D:11     | Noticed a green ugly thing
 10445 | D:11     | Killed an eight-headed hydra
 10506 | Lair:1   | Entered Level 1 of the Lair of Beasts
 10546 | Lair:1   | Gained mutation: You have a pair of antennae on your head.
                  | [demonic ancestry]
 10546 | Lair:1   | Reached XP level 12. HP: 66/74 MP: 16/26
 10673 | Lair:1   | Found a labyrinth entrance.
 10715 | Lab      | Entered a labyrinth
 11323 | Lab      | Noticed a minotaur
 11328 | Lab      | Killed a minotaur
 11700 | Lair:1   | Noticed an eight-headed hydra
 11797 | Lair:1   | Killed an eight-headed hydra
 12570 | Lair:2   | Reached ****** piety under Makhleb
 13581 | Lair:3   | Found a staircase to the Snake Pit.
 13614 | Lair:3   | Noticed a seven-headed hydra
 13617 | Lair:3   | Killed a seven-headed hydra
 13638 | Lair:3   | Reached XP level 13. HP: 79/79 MP: 10/28
 13996 | Lair:3   | Upgraded the game from 0.23-a0-446-g036aa52 to
                  | 0.23-a0-448-g1c01f63
 15608 | Lair:4   | Found a staircase to the Swamp.
 16690 | Lair:6   | Entered Level 6 of the Lair of Beasts
 16758 | Lair:6   | Found a frozen archway.
 16843 | IceCv    | Entered an ice cave
 18125 | IceCv    | Noticed a frost giant
 18175 | IceCv    | Gained mutation: You may emit foul miasma when damaged in
                  | melee. [demonic ancestry]
 18175 | IceCv    | Reached XP level 14. HP: 85/85 MP: 21/31
 18474 | IceCv    | Killed a frost giant
 19105 | Lair:6   | Found a runed door.
 19105 | Lair:6   | Found a viscous altar of Jiyva.
 19110 | Lair:6   | Found a staircase to the Slime Pits.
 19249 | Lair:6   | Noticed Snorg
 19254 | Lair:6   | Killed Snorg
 19256 | Lair:6   | Noticed Kirke
 19260 | Lair:6   | Killed Kirke
 20085 | Lair:6   | Learned a level 6 spell: Bolt of Cold
 20605 | Lair:6   | Reached skill level 1 in Fighting
 21097 | Lair:6   | Noticed Sonja
 21098 | Lair:6   | Killed Sonja
 21157 | Lair:6   | Found a burning altar of Makhleb.
 21274 | Lair:6   | Found a gateway to Hell.
 21283 | Lair:6   | Got an encrusted demon whip
 21286 | Lair:6   | Identified the +1 demon whip "Xuesoill" {flame, *Corrode
                  | +Rage +Fly Dex+3} (You found it on level 6 of the Lair of
                  | Beasts)
 21598 | D:11     | Identified a scroll of acquirement
 21620 | D:11     | Got a slimy hat
 21669 | D:11     | Identified the +2 hat of Free Will {rN+ Str+3} (You
                  | acquired it on level 11 of the Dungeon)
 22151 | D:11     | Found Aryedy's Antique Weapon Emporium.
 22242 | D:12     | Reached skill level 1 in Ice Magic
 22529 | D:12     | Noticed Azrael
 22534 | D:12     | Killed Azrael
 23374 | D:12     | Gained mutation: Your flesh is heat resistant. (rF+)
                  | [demonic ancestry]
 23374 | D:12     | Reached XP level 15. HP: 101/101 MP: 27/33
 24000 | D:13     | Reached skill level 5 in Fighting
 25266 | D:14     | Found an iron altar of Okawaru.
 25871 | D:14     | Found a gate to the Vaults.
 26189 | D:14     | Found Tudwap Helo's Weapon Emporium.
 26306 | D:14     | Reached skill level 5 in Ice Magic
 26445 | Orc:1    | Entered Level 1 of the Orcish Mines
 26785 | Orc:1    | Reached skill level 1 in Invocations
 26936 | Orc:1    | Learned a level 6 spell: Freezing Cloud
 26954 | Orc:2    | Entered Level 2 of the Orcish Mines
 26978 | Orc:2    | Reached skill level 1 in Air Magic
 26978 | Orc:2    | Noticed an orc warlord
 27017 | Orc:1    | Killed an orc warlord
 27163 | Orc:2    | Paralysed by an orc sorcerer for 4 turns
 27188 | Orc:2    | Found a staircase to the Elven Halls.
 27865 | Orc:2    | Found Japnukha's Jewellery Shoppe.
 27865 | Orc:2    | Found Xuthrecwu's Distillery.
 27866 | Orc:2    | Found Wismi's Assorted Antiques.
 27869 | Orc:2    | Found Icimaria's Book Shoppe.
 27874 | Orc:2    | Bought an inky potion for 24 gold pieces
 27874 | Orc:2    | Bought a scroll of identify for 54 gold pieces
 27874 | Orc:2    | Bought a scroll of identify for 54 gold pieces
 27874 | Orc:2    | Bought a ruby potion for 24 gold pieces
 27876 | Orc:2    | Bought a potion of mutation for 112 gold pieces
 27876 | Orc:2    | Bought a potion of lignification for 42 gold pieces
 27876 | Orc:2    | Bought a potion of magic for 112 gold pieces
 27876 | Orc:2    | Bought a potion of lignification for 42 gold pieces
 27876 | Orc:2    | Bought a potion of heal wounds for 70 gold pieces
 27876 | Orc:2    | Bought a potion of curing for 42 gold pieces
 27876 | Orc:2    | Bought a potion of degeneration for 14 gold pieces
 27880 | Orc:2    | Bought a hardcover book for 405 gold pieces
 28377 | D:15     | Entered Level 15 of the Dungeon
 28520 | D:15     | Found a staircase to the Depths.
 28654 | D:15     | Gained mutation: You frequently emit foul miasma when
                  | damaged in melee. [demonic ancestry]
 28654 | D:15     | Reached XP level 16. HP: 104/116 MP: 8/34
 29027 | D:15     | Reached skill level 15 in Spellcasting
 29270 | D:15     | Lost mutation: You have sharp fingernails. [potion of
                  | mutation]
 29270 | D:15     | Gained mutation: You are somewhat resistant to further
                  | mutation. [potion of mutation]
 29270 | D:15     | Gained mutation: You are clumsy. (Dex -2) [potion of
                  | mutation]
 29270 | D:15     | Lost mutation: You are somewhat resistant to further
                  | mutation. [potion of mutation]
 29270 | D:15     | Gained mutation: Your flesh is cold resistant. (rC+)
                  | [potion of mutation]
 29271 | D:15     | Lost mutation: You are clumsy. (Dex -2) [potion of
                  | mutation]
 29271 | D:15     | Gained mutation: You are dopey. (Int -2) [potion of
                  | mutation]
 29271 | D:15     | Gained mutation: You have sharp toenails. [potion of
                  | mutation]
 29272 | D:15     | Lost mutation: Your flesh is cold resistant. (rC+) [potion
                  | of mutation]
 29272 | D:15     | Lost mutation: You are dopey. (Int -2) [potion of mutation]
 29272 | D:15     | Lost mutation: You have sharp toenails. [potion of
                  | mutation]
 29272 | D:15     | Gained mutation: Your mind is acute. (Int +2) [potion of
                  | mutation]
 29272 | D:15     | Gained mutation: Scrolls take you a little longer to read.
                  | [potion of mutation]
 29272 | D:15     | Gained mutation: Your flesh is very heat resistant. (rF++)
                  | [potion of mutation]
 29272 | D:15     | Gained mutation: You have a pair of large antennae on your
                  | head. (SInv) [potion of mutation]
 29333 | D:15     | Reached skill level 15 in Conjurations
 30090 | Snake:1  | Entered Level 1 of the Snake Pit
 30201 | Snake:1  | Found a runed gate.
 30205 | Snake:1  | Found a runed gate.
 30210 | Snake:1  | Found a runed gate.
 30214 | Snake:1  | Noticed Psyclone's ghost (adept DsCj)
 31095 | Snake:1  | Got a distressingly furry leather armour
 31213 | Snake:2  | Found Mufam's General Store.
 31213 | Snake:2  | Found Nixuw's Book Boutique.
 31329 | Snake:2  | Found Baefid's Antique Armour Shop.
 31331 | Snake:2  | Found Fifokhleo's Antique Weapon Boutique.
 31333 | Snake:2  | Bought a pair of fine gloves for 218 gold pieces
 31356 | Snake:2  | Bought a book of the Tempests for 1260 gold pieces
 31365 | Snake:2  | Learned a level 8 spell: Ignition
 31602 | Snake:2  | Noticed Vashnia
 31645 | Snake:2  | Killed Vashnia
 32652 | Snake:2  | Killed from afar by a shock serpent

Vault maps used:
D:1:      minmay_arrival_solitary_statue
D:2:      nrook_campfire
D:3:      first_ration, nicolae_qazlal_style_of_elements
D:4:      minmay_temple_entry_purple_smoke, kennysheep_generic_room_8,
          uniq_pikel, uniq_ijyb
D:5:      grunt_ministairs_2, uniq_eustachio
D:6:      uniq_prince_ribbit1, uniq_grinder
D:7:      doesnt_xom_only_xom, gammafunk_temple_overflow_elements
D:8:      lemuel_doored_altar, lemuel_crystal_altar, serial_shops, shop,
          enter_bailey_2, uniq_maurice
D:9:      kennysheep_housing_project, nicolae_overflow_crystal_walls,
          david_lair_generic
D:10:     minmay_the_grid_3x3, uniq_joseph
D:11:     serial_shops, kennysheep_mini
D:12:     hangedman_little_slice_of_home, uniq_azrael
D:14:     david_vaults_1, okawaru_ov_weapons_minmay, serial_ice, serial_ice_m,
          serial_ice_e, serial_ice_n, serial_ice_h, serial_ice_d, serial_ice_f,
          serial_shops, shop, grunt_ministairs_13
D:15:     hangedman_depths_entry_civil_slaughter,
          minmay_misc_feat_secret_circle, minmay_fractal_squares_5
Temple:   regret_index_temple_sphere_string
Lair:1:   lab_entry_generic, minmay_lair_oklob_chamber, grunt_megastairs_3,
          infiniplex_staircase_pool
Lair:2:   serial_bayou_shore_b
Lair:3:   dummy_snake_entry, minmay_stone_trees_small, beast_lair_carwin_6,
          serial_bayou_shore_b, serial_bayou_shore_a
Lair:4:   swamp_mist, bobbens_ice_dragon_lair
Lair:6:   evil_forest, slime_altar_2, portal_ice_cave_demonic_guard, uniq_sonja,
          uniq_kirke, uniq_snorg
Snake:1:  gammafunk_ghost_necromancy, nicolae_snake_serpentine_hallways,
          grunt_megastairs_4
Snake:2:  minmay_shoptagon, lemuel_fruit_tree, uniq_vashnia
Snake:3:  spider_trap, minmay_shop_star, uniq_louise
Orc:2:    st_orc_mages
Lab:      labyrinth_hidden_loot, lab_block, lab_hedge
Bailey:   bailey_axe_4, bailey
IceCv:    ice_cave_caverns_01

Skill      XL: |  1  2  3  4  5  6  7  8  9 10 11 12 13 14 15 16 |
---------------+-------------------------------------------------+-----
Fire Magic     | 3 4 5 6 8 9 10 12 13 14 | 14.3
Conjurations   | 2 3 4 5 6 8 9 11 12 13 14 15 | 15.6
Spellcasting   | 3 4 5 6 7 9 10 11 13 14 15 | 15.5
Fighting       | 4 7 9 |  9.0
Ice Magic      | 2 5 |  5.7
Invocations    | 1 |  1.4
Air Magic      | 3 |  3.3
Dodging        | |  1.7
Stealth        | |  1.7

Action                   |  1- 3 |  4- 6 |  7- 9 | 10-12 | 13-15 | 16-18 || total
-------------------------+-------+-------+-------+-------+-------+-------++-------
Melee: Unarmed           |    28 |       |       |       |       |       ||    28
       War axe           |       |    30 |   118 |   165 |       |       ||   313
       Mace              |       |       |       |    11 |   378 |    38 ||   427
 Cast: Flame Tongue      |    58 |    63 |    76 |   136 |   110 |    12 ||   455
       Sticky Flame      |       |     7 |    39 |    65 |   176 |    19 ||   306
       Conjure Flame     |       |     1 |       |     1 |       |       ||     2
       Fireball          |       |       |       |   110 |   272 |    62 ||   444
       Bolt of Cold      |       |       |       |       |    24 |     5 ||    29
       Freezing Cloud    |       |       |       |       |    10 |    19 ||    29
       Ignition          |       |       |       |       |       |     4 ||     4
 Abil: Evoke Flight      |       |       |       |     2 |       |       ||     2
       Evoke Berserk Rag |       |       |       |       |     1 |       ||     1
Evoke: Wand              |       |       |     1 |     2 |    20 |       ||    23
  Use: Scroll            |       |       |     7 |    10 |    15 |     4 ||    36
       Potion            |       |       |       |     1 |     6 |    11 ||    18
 Stab: Sleeping          |       |     4 |     4 |     1 |       |       ||     9
       Distracted        |       |       |       |       |     1 |       ||     1
  Eat: Chunk             |     2 |     6 |    14 |    30 |    47 |     3 ||   102
       Ration            |       |       |       |       |     1 |     3 ||     4
Armor: Robe              |    17 |    18 |    43 |    87 |    50 |       ||   215
       Animal skin       |       |       |       |       |   166 |    27 ||   193
       Skin              |       |       |       |       |     8 |     6 ||    14
Dodge: Dodged            |    35 |    28 |   130 |   275 |   420 |    80 ||   968
Block: Buckler           |       |       |       |    11 |   168 |    31 ||   210

Table legend:
 A = Non-vault XP
 B = Vault XP
 C = Vault XP percentage of total XP
 D = Non-vault monster count
 E = Vault monster count
 F = Vault count percentage of total count
                 A         B        C        D         E       F
            +---------+---------+-------+---------+---------+-------
      Total |  118328 |   75581 |  39.0 |     651 |     322 |  33.1
            +---------+---------+-------+---------+---------+-------
        D:1 |      42 |       0 |   0.0 |      22 |       0 |   0.0
        D:2 |      79 |       0 |   0.0 |      17 |       0 |   0.0
        D:3 |     120 |       0 |   0.0 |      19 |       0 |   0.0
        D:4 |     227 |     732 |  76.3 |       8 |       4 |  33.3
        D:5 |     770 |     203 |  20.9 |      23 |       2 |   8.0
        D:6 |    1052 |     586 |  35.8 |      31 |       2 |   6.1
        D:7 |    1646 |       0 |   0.0 |      28 |       0 |   0.0
        D:8 |    2253 |     445 |  16.5 |      43 |       1 |   2.3
        D:9 |    3388 |    1589 |  31.9 |      26 |      33 |  55.9
       D:10 |    1198 |    4595 |  79.3 |      18 |      26 |  59.1
       D:11 |    4718 |       0 |   0.0 |      26 |       0 |   0.0
       D:12 |    8839 |    2757 |  23.8 |      50 |      17 |  25.4
       D:13 |    6685 |       0 |   0.0 |      34 |       0 |   0.0
       D:14 |   10782 |    4070 |  27.4 |      46 |      17 |  27.0
       D:15 |   13058 |    9564 |  42.3 |      39 |      14 |  26.4
     Lair:1 |    6755 |    2587 |  27.7 |      26 |       5 |  16.1
     Lair:2 |    3165 |       0 |   0.0 |      16 |       0 |   0.0
     Lair:3 |    4919 |    2612 |  34.7 |      24 |      31 |  56.4
     Lair:4 |    2790 |    1015 |  26.7 |      12 |       4 |  25.0
     Lair:5 |    5491 |       0 |   0.0 |      24 |       0 |   0.0
     Lair:6 |    7447 |   15435 |  67.5 |      20 |      32 |  61.5
    Snake:1 |    7257 |     332 |   4.4 |      14 |       2 |  12.5
    Snake:2 |    5848 |    6378 |  52.2 |      12 |       4 |  25.0
    Snake:3 |    9380 |       0 |   0.0 |      18 |       0 |   0.0
      Orc:1 |    4157 |       0 |   0.0 |      17 |       0 |   0.0
      Orc:2 |    6262 |    4769 |  43.2 |      38 |      41 |  51.9
        Lab |       0 |    2938 | 100.0 |       0 |       5 | 100.0
     Bailey |       0 |    1003 | 100.0 |       0 |      27 | 100.0
      IceCv |       0 |   13971 | 100.0 |       0 |      55 | 100.0
            +---------+---------+-------+---------+---------+-------
